 Dungeon Crawl Stone Soup version 0.21-a0-641-geef9d7f (webtiles) character file.

17250 Lanoc the Frost Mage (level 12, -3/66 HPs)
             Began as an Octopode Ice Elementalist on Dec 31, 2017.
             Was an Elder of Sif Muna.
             Shot with an arrow by Nessos (21 damage)
             ... on level 13 of the Dungeon.
             The game lasted 01:26:42 (21059 turns).

Lanoc the Frost Mage (Octopode Ice Elementalist)   Turns: 21059, Time: 01:26:42

Health: -3/66      AC:  1    Str: 10    XL:     12   Next: 46%
Magic:  8/24       EV: 25    Int: 24    God:    Sif Muna [****..]
Gold:   786        SH:  0    Dex: 14    Spells: 3/27 levels left

rFire    x . .     SeeInvis .   X - staff of wizardry
rCold    + . .     Gourm    .   (no shield)
rNeg     . . .     Faith    .   (helmet restricted)
rPois    +         Spirit   .   (no amulet)
rElec    .         Reflect  .   l - ring of resist corrosion
rCorr    +         Harm     .   g - +3 ring of strength
MR       .....                  p - +4 ring of evasion
Stlth    +++.......             v - +3 ring of intelligence
HPRegen  0.21/turn              f - +2 ring of evasion
MPRegen  0.19/turn              V - ring of wizardry
                                L - ring of ice
                                K - ring of poison resistance

@: no status effects
A: almost no armour, stealthy swim, amphibious, 8 rings, constrict 8, camouflage
1, gelatinous body 1
a: Divine Energy, Channel Magic, Forget Spell, Renounce Religion


You were on level 13 of the Dungeon.
You worshipped Sif Muna.
Sif Muna was greatly pleased with you.
You were not hungry.

You visited 2 branches of the dungeon, and saw 14 of its levels.
You also visited: Labyrinth.

You collected 786 gold pieces.

Inventory:

Hand Weapons
 d - a +5 quarterstaff of chaos
Magical Staves
 X - an uncursed staff of wizardry (weapon)
Jewellery
 f - a +2 ring of evasion (on tentacle)
 g - a +3 ring of strength (right tentacle)
 l - a ring of resist corrosion (left tentacle)
 p - a +4 ring of evasion (on tentacle)
 v - a +3 ring of intelligence (on tentacle)
 K - a ring of poison resistance (on tentacle)
 L - a ring of ice (on tentacle)
 V - a ring of wizardry (on tentacle)
Wands
 h - a wand of paralysis (9)
 m - a wand of iceblast (30)
 r - a wand of polymorph (30)
 I - a wand of flame (102)
 Q - a wand of disintegration (12)
 S - a wand of acid (16)
 T - a wand of scattershot (11)
 W - a wand of enslavement (13)
Scrolls
 a - 4 scrolls of enchant weapon
 k - 14 scrolls of remove curse
 o - 2 scrolls of fog
 A - a scroll of amnesia
 C - 4 scrolls of enchant armour
 N - a scroll of silence
 R - a scroll of fear
Potions
 e - a potion of heal wounds
 i - 3 potions of curing
 j - 2 potions of haste
 n - 2 potions of agility
 q - 2 potions of mutation
 s - 2 potions of berserk rage
 u - 3 potions of brilliance
 w - 3 potions of lignification
 x - 4 potions of might
 B - 2 potions of invisibility
 J - a potion of cancellation
 P - a potion of resistance
Books
 y - a book of Conjurations

   Spells                             Type                      Level
   a - Magic Dart                     Conjuration                  1
   b - Searing Ray                    Conjuration                  2
   c - Dazzling Spray                 Conjuration/Hexes            3
   d - Fulminant Prism                Conjuration/Hexes            4
   e - Force Lance                    Conjuration/Translocation    4
   f - Iskenderun's Mystic Blast      Conjuration                  4
 z - a book of Misfortune

   Spells                             Type                      Level
   a - Confusing Touch                Hexes                        1
   b - Confuse                        Hexes                        3
   c - Gell's Gravitas                Translocation                3
   d - Petrify                        Transmutation/Earth          4
   e - Metabolic Englaciation         Hexes/Ice                    5
   f - Yara's Violent Unravelling     Hexes/Transmutation          5
 E - a book of Changes

   Spells                             Type                      Level
   a - Beastly Appendage              Transmutation                1
   b - Sticks to Snakes               Transmutation                2
   c - Spider Form                    Transmutation/Poison         3
   d - Ice Form                       Ice/Transmutation            4
   e - Blade Hands                    Transmutation                5
 F - a book of Flames

   Spells                             Type                      Level
   a - Flame Tongue                   Conjuration/Fire             1
   b - Throw Flame                    Conjuration/Fire             2
   c - Conjure Flame                  Conjuration/Fire             3
   d - Inner Flame                    Hexes/Fire                   3
   e - Sticky Flame                   Conjuration/Fire             4
   f - Fireball                       Conjuration/Fire             5
 M - a book of Maledictions

   Spells                             Type                      Level
   a - Corona                         Hexes                        1
   b - Ensorcelled Hibernation        Hexes/Ice                    2
   c - Confuse                        Hexes                        3
   d - Tukima's Dance                 Hexes                        3
   e - Dazzling Spray                 Conjuration/Hexes            3
 U - Sif Muna's Incunabulum of Air
   (Sif Muna gifted it to you on level 11 of the Dungeon)

   Spells                             Type                      Level
   a - Shock                          Conjuration/Air              1
   b - Freezing Cloud                 Conjuration/Ice/Air          6
   c - Chain Lightning                Conjuration/Air              8
Miscellaneous
 G - a box of beasts
Comestibles
 b - 4 rations


   Skills:
 + Level 9.0 Dodging
 - Level 2.6 Stealth
 + Level 8.3 Spellcasting
 + Level 6.5 Conjurations
 * Level 12.5 Ice Magic
 + Level 8.5 Invocations


You had 3 spell levels left.
You knew the following spells:

 Your Spells              Type           Power        Failure   Level  Hunger
a - Freeze                Ice            ####         1%          1    None
b - Freezing Cloud        Conj/Ice/Air   ######....   17%         6    ######.
c - Ozocubu's Armour      Chrm/Ice       ######..     1%          3    None
d - Throw Icicle          Conj/Ice       ######..     1%          4    ##.....
e - Summon Ice Beast      Ice/Summ       ######..     1%          4    ##.....
g - Ensorcelled Hibernat  Hex/Ice        ######       1%          2    None
h - Ice Form              Ice/Tmut       ######..     1%          4    ##.....


Dungeon Overview and Level Annotations

Branches:
Dungeon (13/15) Temple (1/1) D:5 Lair (0/6) D:8 Orc (0/2) D:12 Vaults (0/5) D:12 D:13

Altars:
Ashenzari
Cheibriados
Dithmenos
Elyvilon
Fedhas
Gozag
Hepliaklqana
Kikubaaqudgha
Makhleb
Nemelex Xobeh
Okawaru
Qazlal
Ru
Sif Muna
Trog
Uskayaw
Vehumet
Wu Jian
Xom
Yredelemnul
Zin
The Shining One
Beogh

Shops:
D:6 [

Annotations:
D:13 Nessos, Rupert, Urug


Innate Abilities, Weirdness & Mutations

You cannot wear most types of armour.
You are very stealthy in the water. (Stealth+)
You are amphibious.
You can wear up to eight rings at the same time.
You can use your tentacles to constrict eight enemies at once.
Your skin changes colour to match your surroundings (Stealth+).
Your rubbery body absorbs attacks. (AC +1, EV +1)


Message History

The green ugly thing gurgles horribly!
You hear a shout!
Casting: Freezing Cloud
Confirm with . or Enter, or press ? or * to list all spells.
Aiming: Freezing Cloud
Press: ? - help, Dir - move target cursor You feel a surge of power!
Nessos the Markscentaur comes into view.
Nessos casts a spell.
Nessos seems to speed up.
The green ugly thing is engulfed in freezing vapours.
Nessos wields a runed longbow.
It bursts into flame!
Nessos shoots an arrow.
The arrow completely misses you.
Nessos shoots an arrow.
The arrow hits you!! The arrow burns you!
You see here an arrow.
Nessos shoots an arrow.
The arrow hits you!!
* * * LOW HITPOINT WARNING * * *
The arrow burns you.
* * * LOW HITPOINT WARNING * * *
Nessos shoots an arrow.
The arrow hits you!!
You die...

######.......
#....#.......
#....c....u..
####.##......
#(# ..... #.#
#### #.# #.#
#@# #.# #.#
#<# ###


You could see Nessos.

Vanquished Creatures
  A minotaur (Lab)
  2 two-headed ogres
  An unseen horror (D:11)
  A deep elf mage (D:12)
  4 ugly things
  The ghost of adept the Grave Robber, a novice GnNe of Vehumet (D:6)
  A manticore (D:10)
  2 trolls
  5 slime creatures
  A spriggan (D:7)
  Eustachio (D:6)
  6 humans (D:12)
  A basilisk (D:8)
  11 yaks
  3 hungry ghosts
  3 vampire mosquitoes (D:12)
  Edmund (D:6)
  A water moccasin (D:12)
  5 porcupines (D:8)
  A black bear (D:12)
  2 ice beasts
  6 orc warriors
  A sky beast (D:7)
  3 ogres
  An eye of draining (D:10)
  2 phantoms
  2 crocodiles (D:8)
  5 centaurs
  A big kobold (D:7)
  8 bullfrogs
  2 wyvern skeletons (D:11)
  2 scorpions
  5 killer bees
  11 wights
  2 howler monkeys (D:8)
  A quasit (D:7)
  5 crimson imps
  8 hounds
  Crazy Yiuf (D:2)
  2 jellies (D:10)
  6 orc wizards
  7 orc priests
  A centaur skeleton (D:11)
  4 iguanas
  A bullfrog skeleton (D:12)
  7 worker ants
  A howler monkey zombie (D:7)
  7 gnolls
  A river rat (D:4)
  12 adders
  A shadow imp (D:8)
  An adder zombie (D:8)
  An adder skeleton (D:6)
  2 worms
  3 dart slugs
  7 leopard geckos
  47 orcs
  6 bats
  4 giant cockroaches
  8 goblins
  5 hobgoblins
  24 jackals
  9 quokkas
  8 frilled lizards
  A jackal skeleton (D:4)
  A jackal zombie (D:8)
  10 kobolds
  12 rats
319 creatures vanquished.

Vanquished Creatures (collateral kills)
  2 two-headed ogres
  Pikel (D:6)
  A hornet (D:12)
  A human (D:12)
  4 yaks (D:12)
  An orc warrior (D:12)
  3 wights (D:8)
  An orc priest (D:12)
  An orc (D:12)
15 creatures vanquished.

Vanquished Creatures (others)
  5 bushes (D:8)
  4 fungi (D:8)
  18 plants (D:8)
27 creatures vanquished.

Grand Total: 361 creatures vanquished

Notes
Turn   | Place    | Note
-------+----------+-------------------------------------------
     0 | D:1      | Lanoc the Octopode Ice Elementalist began the quest for the Orb.
     0 | D:1      | Reached XP level 1. HP: 11/11 MP: 3/3
   216 | D:1      | Reached XP level 2. HP: 16/17 MP: 1/5
   270 | D:1      | Learned a level 2 spell: Throw Frost
   634 | D:1      | Reached XP level 3. HP: 21/21 MP: 3/6
  1355 | D:2      | Reached skill level 4 in Ice Magic
  1355 | D:2      | Reached XP level 4. HP: 21/27 MP: 4/7
  1949 | D:2      | Noticed an ogre
  2039 | D:2      | Killed an ogre
  2039 | D:2      | Reached XP level 5. HP: 26/31 MP: 0/9
  2241 | D:2      | Learned a level 3 spell: Ozocubu's Armour
  2552 | D:2      | Found a runed door.
  2556 | D:2      | Noticed Crazy Yiuf
  2588 | D:2      | HP: 1/31 [poisoned by Crazy Yiuf]
  2596 | D:2      | Killed Crazy Yiuf
  2596 | D:2      | Reached skill level 5 in Ice Magic
  2596 | D:2      | Reached XP level 6. HP: 3/36 MP: 0/10
  3604 | D:3      | Found a glowing silver altar of Zin.
  3956 | D:3      | Learned a level 4 spell: Throw Icicle
  4118 | D:4      | Found a hazy altar of Hepliaklqana.
  4133 | D:5      | Entered Level 5 of the Dungeon
  4356 | D:5      | Reached XP level 7. HP: 41/41 MP: 9/12
  4507 | D:5      | Found a staircase to the Ecumenical Temple.
  4527 | D:5      | Reached skill level 6 in Ice Magic
  4736 | Temple   | Entered the Ecumenical Temple
  4908 | Temple   | Became a worshipper of Sif Muna the Loreminder
  5381 | D:5      | Learned a level 4 spell: Summon Ice Beast
  5707 | D:4      | Reached skill level 1 in Invocations
  5994 | D:4      | You fall through a shaft for 2 floors!
  6009 | D:6      | Noticed Eustachio
  6037 | D:5      | Reached * piety under Sif Muna
  6619 | D:5      | Reached XP level 8. HP: 29/46 MP: 4/14
  6727 | D:5      | Reached skill level 7 in Ice Magic
  7136 | D:6      | Killed Eustachio
  7136 | D:6      | Reached skill level 5 in Dodging
  7559 | D:6      | Noticed Pikel
  7605 | D:6      | Noticed adept's ghost (novice GnNe)
  7615 | D:6      | Killed adept's ghost
  7615 | D:6      | Reached skill level 5 in Spellcasting
  7615 | D:6      | Reached skill level 8 in Ice Magic
  7615 | D:6      | Reached XP level 9. HP: 41/51 MP: 0/16
  7790 | D:6      | Reached ** piety under Sif Muna
  8297 | D:6      | Noticed Edmund
  8339 | D:6      | Killed Edmund
  8452 | D:6      | Found Ziroj's Armour Emporium.
  8884 | D:6      | Killed Pikel
  8884 | D:6      | Reached skill level 9 in Ice Magic
  9914 | D:7      | Reached skill level 5 in Invocations
 10033 | D:7      | Learned a level 5 spell: Metabolic Englaciation
 10045 | D:7      | Found a snail-covered altar of Cheibriados.
 10108 | D:7      | Found a blossoming altar of Fedhas.
 10610 | D:8      | Reached XP level 10. HP: 46/56 MP: 17/19
 11411 | D:8      | Reached *** piety under Sif Muna
 11577 | D:8      | Found a staircase to the Lair.
 11596 | D:8      | Reached skill level 10 in Ice Magic
 11700 | D:8      | Noticed a two-headed ogre
 12021 | D:8      | Killed a two-headed ogre
 12803 | D:8      | Reached **** piety under Sif Muna
 13223 | D:9      | Noticed a two-headed ogre
 13378 | D:9      | Killed a two-headed ogre
 13378 | D:9      | Reached XP level 11. HP: 61/61 MP: 1/21
 13661 | D:9      | Reached skill level 11 in Ice Magic
 13835 | D:9      | Learned a level 2 spell: Ensorcelled Hibernation
 13853 | D:9      | Learned a level 1 spell: Apportation
 14050 | D:10     | Entered Level 10 of the Dungeon
 14633 | D:10     | Noticed a manticore
 14639 | D:10     | Killed a manticore
 15274 | D:11     | Noticed a brown ugly thing
 15331 | D:11     | Killed a brown ugly thing
 15524 | D:11     | Reached skill level 5 in Conjurations
 15915 | D:11     | Killed an unseen horror
 16159 | D:11     | Noticed a cyclops
 16505 | D:11     | Learned a level 4 spell: Ice Form
 16748 | D:11     | Reached ***** piety under Sif Muna
 16943 | D:11     | Identified Sif Muna's Incunabulum of Air (Sif Muna gifted it to you on level 11 of the Dungeon)
 16943 | D:11     | Received a gift from Sif Muna
 17028 | D:12     | Noticed a two-headed ogre
 17032 | D:12     | Killed a two-headed ogre
 17082 | D:12     | Found a labyrinth entrance.
 17131 | Lab      | Entered a labyrinth
 17535 | Lab      | Noticed a minotaur
 17573 | Lab      | Killed a minotaur
 17578 | Lab      | Got a crude battleaxe {antimagic}
 17580 | Lab      | Identified the +3 battleaxe of the Fray {antimagic, rC+ Int+4} (You took it off a minotaur in a labyrinth)
 17773 | D:12     | Found a staircase to the Orcish Mines.
 17806 | D:12     | Found a roughly hewn altar of Beogh.
 17823 | D:13     | Found a gate to the Vaults.
 17823 | D:13     | Noticed a brown ugly thing
 17823 | D:13     | Noticed Rupert
 17823 | D:13     | Noticed a centaur warrior
 17823 | D:13     | Noticed Urug
 18431 | D:12     | Reached XP level 12. HP: 66/66 MP: 14/23
 18558 | D:12     | Reached skill level 12 in Ice Magic
 18596 | D:12     | Noticed a two-headed ogre
 18610 | D:12     | Killed a two-headed ogre
 20302 | D:11     | Learned a level 6 spell: Freezing Cloud
 21054 | D:13     | Noticed Nessos
 21059 | D:13     | Shot with an arrow by Nessos

Vault maps used:
D:1:      nzn_arrival_crosshair, kennysheep_doodads
D:2:      uniq_crazy_yiuf_cottage
D:3:      zin_academy, moated_statue
D:4:      nicolae_overflow_hidden_temple, portal_sewer_entry_a
D:5:      temple_statues, serial_co_window_serial, co_window_of_opportunity_a,
          co_window_paths_b, co_window_paths_b, co_window_of_opportunity_a,
          co_window_paths_a, co_window_corner_a, co_window_unsneaky_path_c,
          co_window_unsneaky_path_d, co_window_cross_2, co_window_broadway_b,
          co_window_4corner_a, glass_columns_b, glass_columns_a,
          glass_columns_c, glass_columns_a, first_ration,
          hangedman_abyss_or_decor_stabs
D:6:      serial_shops, shop, uniq_eustachio, uniq_edmund, uniq_pikel
D:7:      overflow_temple_1_default, lemuel_round_altar, the_bakery,
          minmay_fountain_box
D:8:      minmay_lair_entry_grove, minmay_misc_feat_nine_boxes
D:12:     minmay_orc_entry_temple_small, lab_entry_generic
D:13:     david_vaults_3, nicolae_trove_entry_columns, uniq_erolcha, uniq_nessos
Temple:   dpeg_five_rooms_temple
Lab:      labyrinth_spiral, nicolae_lab_grate_2

Skill      XL: |  1  2  3  4  5  6  7  8  9 10 11 12 |
---------------+-------------------------------------+-----
Ice Magic      | 4 5 6 8 9 10 11 12 | 12.5
Dodging        | 3 4 5 6 7 8 9 |  9.0
Spellcasting   | 3 4 5 6 7 8 |  8.3
Invocations    | 1 3 5 6 7 8 |  8.5
Conjurations   | 2 4 5 6 |  6.5
Stealth        | |  2.6

Action                   |  1- 3 |  4- 6 |  7- 9 | 10-12 || total
-------------------------+-------+-------+-------+-------++-------
Melee: Unarmed           |     7 |     1 |       |    17 ||    25
       Constrict         |     2 |     5 |     7 |     7 ||    21
       Tentacles         |     1 |     3 |     3 |    15 ||    22
       Quarterstaff      |       |     9 |       |       ||     9
       Staff             |       |     6 |    31 |    68 ||   105
 Cast: Freeze            |    43 |    96 |   207 |   178 ||   524
       Throw Frost       |       |    18 |       |     1 ||    19
       Ozocubu's Armour  |       |     3 |    20 |    10 ||    33
       Throw Icicle      |       |     1 |    45 |   187 ||   233
       Summon Ice Beast  |       |       |     4 |    34 ||    38
       Apportation       |       |       |       |     4 ||     4
       Ice Form          |       |       |       |     1 ||     1
       Freezing Cloud    |       |       |       |     9 ||     9
Invok: Channel Magic     |       |       |       |     2 ||     2
  Use: Scroll            |       |    13 |     5 |    15 ||    33
       Potion            |       |     1 |     2 |     2 ||     5
 Stab: Sleeping          |       |     1 |       |       ||     1
  Eat: Chunk             |     2 |     7 |    16 |    32 ||    57
       Ration            |       |     1 |     3 |     7 ||    11
Armor: Skin              |     2 |     5 |    36 |    20 ||    63
Dodge: Dodged            |    27 |    77 |   286 |   356 ||   746

Table legend:
 A = Spawn XP
 B = Non-spawn XP
 C = Spawn XP percentage of total XP
 D = Spawn monster count
 E = Non-spawn monster count
 F = Spawn count percentage of total count
 G = Total turns spent on level
                    A         B        C        D         E        F      G
               +---------+---------+-------+---------+---------+-------+---------
         Total |       0 |   24644 |   0.0 |       0 |     334 |   0.0 | 21059
               +---------+---------+-------+---------+---------+-------+---------
           D:1 |       0 |      69 |   0.0 |       0 |      25 |   0.0 |  1374
           D:2 |       0 |     277 |   0.0 |       0 |      33 |   0.0 |  1751
           D:3 |       0 |     140 |   0.0 |       0 |      25 |   0.0 |  1167
           D:4 |       0 |     193 |   0.0 |       0 |      20 |   0.0 |   647
           D:5 |       0 |     726 |   0.0 |       0 |      31 |   0.0 |  2021
           D:6 |       0 |    2265 |   0.0 |       0 |      29 |   0.0 |  2108
           D:7 |       0 |     958 |   0.0 |       0 |      24 |   0.0 |  1303
           D:8 |       0 |    4302 |   0.0 |       0 |      39 |   0.0 |  2740
           D:9 |       0 |    1621 |   0.0 |       0 |      13 |   0.0 |   726
          D:10 |       0 |    1670 |   0.0 |       0 |      17 |   0.0 |  1454
          D:11 |       0 |    2950 |   0.0 |       0 |      31 |   0.0 |  1725
          D:12 |       0 |    8534 |   0.0 |       0 |      46 |   0.0 |  3273
           Lab |       0 |     939 |   0.0 |       0 |       1 |   0.0 |   531
               +---------+---------+-------+---------+---------+-------+---------
